[ AOE2 MATCH · #505475066 ]
UnrankedJapanese vs Persians
Player's team · WIN
Rival team · LOSS
[ REPLAY ANALYSIS · EXTRACTED FROM THE RECORDED GAME ]
Feudal
9:39
Castle
—
Imperial
—
| APM avg | 56.1 |
| APM peak | 85 |
| eAPM avg | 18.3 |
| Villagers / military | 84 / 31 |
Focus
⚔️ 28.9% · 🌾 71.1%
Archer ×31
Feudal
29:22
Castle
—
Imperial
—
| APM avg | 40.7 |
| APM peak | 78 |
| eAPM avg | 18.3 |
| Villagers / military | 82 / 12 |
Focus
⚔️ 27.4% · 🌾 72.6%
Skirmisher ×9 · Scout Cavalry ×3
Match map
Initial resources + every placement click. Lines = walls · curves = elevation contours. ◆ gold · ⬟ stone · ● berries · ✦ relic · ◌ wall gap
Your base· Open — unwalled flank
Failey's base· Open — unwalled flank
Smoothed initial terrain · ◌ = detected wall gap · hover for details
Inputs per minute
— 新竹 - - Failey
Build order — 新竹
First 150 of 169 actions detected
| 0:01 | Create | Villager (Male) |
| 0:01 | Create | Villager (Male) |
| 0:01 | Create | Villager (Male) |
| 0:02 | Build | House |
| 0:04 | Build | House |
| 0:15 | Create | Villager (Male) |
| 0:15 | Create | Villager (Male) |
| 1:25 | Create | Villager (Male) |
| 2:08 | Create | Villager (Male) |
| 2:08 | Create | Villager (Male) |
| 2:19 | Create | Villager (Male) |
| 2:19 | Create | Villager (Male) |
| 2:30 | Build | Lumber Camp |
| 2:46 | Create | Villager (Male) |
| 2:47 | Create | Villager (Male) |
| 3:15 | Create | Villager (Male) |
| 3:15 | Create | Villager (Male) |
| 3:25 | Build | Palisade Wall |
| 3:26 | Build | Palisade Wall |
| 3:31 | Build | Palisade Wall |
| 3:32 | Build | Palisade Wall |
| 3:41 | Create | Villager (Male) |
| 3:41 | Create | Villager (Male) |
| 3:56 | Build | Mill |
| 4:04 | Create | Villager (Male) |
| 4:27 | Build | House |
| 4:29 | Research | Loom |
| 4:29 | Research | Loom |
| 4:45 | Create | Villager (Male) |
| 5:04 | Create | Villager (Male) |
| 5:31 | Create | Villager (Male) |
| 5:32 | Create | Villager (Male) |
| 6:29 | Create | Villager (Male) |
| 7:10 | Create | Villager (Male) |
| 7:15 | Build | House |
| 7:29 | Research | Feudal Age |
| 7:29 | Research | Feudal Age |
| 8:31 | Build | Lumber Camp |
| 8:33 | Build | Mill |
| 9:39 | Age | Feudal Age |
| 9:42 | Create | Villager (Male) |
| 9:43 | Create | Villager (Male) |
| 9:59 | Build | Barracks |
| 10:06 | Create | Villager (Male) |
| 11:03 | Research | Man-at-Arms (upgrade) |
| 11:03 | Research | Man-at-Arms (upgrade) |
| 11:49 | Build | Town Center |
| 13:25 | Create | Villager (Male) |
| 13:25 | Create | Villager (Male) |
| 13:26 | Create | Villager (Male) |
| 13:26 | Create | Villager (Male) |
| 14:11 | Build | Mining Camp |
| 14:53 | Create | Villager (Male) |
| 14:54 | Create | Villager (Male) |
| 14:54 | Create | Villager (Male) |
| 15:43 | Build | Archery Range |
| 15:44 | Create | Villager (Male) |
| 15:45 | Create | Villager (Male) |
| 16:18 | Create | Villager (Male) |
| 16:18 | Create | Villager (Male) |
| 16:19 | Create | Villager (Male) |
| 16:26 | Create | Archer |
| 16:26 | Create | Archer ×2 |
| 16:26 | Create | Archer ×2 |
| 16:33 | Build | House |
| 17:32 | Create | Archer |
| 17:32 | Create | Archer |
| 17:32 | Create | Archer |
| 18:03 | Build | Lumber Camp |
| 18:09 | Create | Archer |
| 18:09 | Create | Archer |
| 18:10 | Create | Archer |
| 18:30 | Build | Mining Camp |
| 18:38 | Create | Archer |
| 18:38 | Create | Archer |
| 19:03 | Create | Archer |
| 19:03 | Create | Archer |
| 19:04 | Create | Archer ×2 |
| 19:54 | Create | Archer |
| 19:55 | Create | Archer |
| 21:38 | Build | Lumber Camp |
| 22:39 | Create | Archer |
| 22:39 | Create | Archer |
| 22:40 | Create | Archer |
| 22:43 | Build | House |
| 23:06 | Build | Lumber Camp |
| 23:48 | Build | Lumber Camp |
| 24:42 | Build | Town Center |
| 25:22 | Build | House |
| 25:25 | Build | House |
| 25:40 | Build | Farm |
| 25:41 | Build | Farm |
| 26:11 | Build | Farm |
| 26:12 | Build | Farm |
| 26:27 | Create | Villager (Male) |
| 26:27 | Create | Villager (Male) |
| 27:03 | Create | Villager (Male) |
| 27:04 | Create | Villager (Male) |
| 27:04 | Create | Villager (Male) |
| 27:32 | Create | Villager (Male) |
| 27:32 | Create | Villager (Male) |
| 27:32 | Create | Villager (Male) |
| 27:45 | Create | Villager (Male) |
| 27:45 | Create | Villager (Male) |
| 27:45 | Create | Villager (Male) |
| 27:52 | Research | Double-Bit Axe |
| 27:52 | Research | Double-Bit Axe |
| 27:52 | Research | Double-Bit Axe |
| 27:53 | Create | Villager (Male) |
| 27:53 | Create | Villager (Male) |
| 27:53 | Create | Villager (Male) |
| 28:16 | Build | Farm |
| 28:17 | Create | Villager (Male) |
| 28:17 | Create | Villager (Male) |
| 28:20 | Build | Blacksmith |
| 28:45 | Create | Villager (Male) |
| 28:45 | Create | Villager (Male) |
| 28:45 | Create | Villager (Male) |
| 28:56 | Research | Fletching |
| 28:56 | Research | Fletching |
| 29:19 | Create | Villager (Male) |
| 29:19 | Create | Villager (Male) |
| 29:19 | Create | Villager (Male) |
| 29:21 | Create | Archer |
| 29:22 | Create | Archer |
| 29:35 | Build | Watch Tower |
| 29:40 | Create | Villager (Male) |
| 29:40 | Create | Villager (Male) |
| 30:22 | Build | Stone Wall |
| 30:23 | Build | Stone Wall |
| 30:24 | Build | Stone Wall |
| 30:25 | Build | Stone Wall |
| 30:39 | Create | Villager (Male) |
| 30:40 | Create | Villager (Male) |
| 30:40 | Create | Villager (Male) |
| 30:40 | Create | Villager (Male) |
| 30:40 | Create | Villager (Male) |
| 30:58 | Research | Padded Archer Armor |
| 30:58 | Research | Padded Archer Armor |
| 31:23 | Build | Watch Tower |
| 31:28 | Build | Watch Tower |
| 31:39 | Create | Archer ×3 |
| 31:39 | Create | Archer ×3 |
| 31:39 | Create | Archer |
| 31:59 | Create | Villager (Male) |
| 31:59 | Create | Villager (Male) |
| 31:59 | Create | Villager (Male) |
| 31:59 | Create | Villager (Male) |
| 32:13 | Create | Villager (Male) |
| 32:14 | Create | Villager (Male) |
Build order — Failey
144 actions detected in the replay
| 0:01 | Create | Villager (Male) |
| 0:01 | Create | Villager (Male) |
| 0:01 | Create | Villager (Male) |
| 0:02 | Build | House |
| 0:04 | Build | House |
| 0:18 | Create | Villager (Male) |
| 0:30 | Research | Loom |
| 0:30 | Create | Villager (Male) |
| 0:31 | Create | Villager (Male) |
| 0:34 | Create | Villager (Male) |
| 1:46 | Create | Villager (Male) |
| 1:47 | Create | Villager (Male) |
| 2:30 | Create | Villager (Male) |
| 2:55 | Build | Palisade Wall |
| 2:57 | Build | Palisade Wall |
| 2:58 | Build | Palisade Wall |
| 2:59 | Build | Palisade Wall |
| 3:02 | Create | Villager (Male) |
| 3:03 | Create | Villager (Male) |
| 3:16 | Build | House |
| 3:21 | Create | Villager (Male) |
| 3:36 | Create | Villager (Male) |
| 3:36 | Create | Villager (Male) |
| 4:13 | Create | Villager (Male) |
| 4:13 | Create | Villager (Male) |
| 4:35 | Create | Villager (Male) |
| 4:35 | Create | Villager (Male) |
| 5:06 | Create | Villager (Male) |
| 5:27 | Create | Villager (Male) |
| 5:40 | Create | Villager (Male) |
| 6:29 | Create | Villager (Male) |
| 6:29 | Create | Villager (Male) |
| 7:27 | Build | Town Center |
| 7:34 | Build | Palisade Wall |
| 7:38 | Build | Palisade Wall |
| 7:46 | Build | Mill |
| 8:19 | Create | Villager (Male) |
| 8:20 | Create | Villager (Male) |
| 8:20 | Create | Villager (Male) |
| 8:27 | Build | House |
| 9:13 | Create | Villager (Male) |
| 9:16 | Create | Villager (Male) |
| 9:26 | Create | Villager (Male) |
| 9:27 | Create | Villager (Male) |
| 9:59 | Create | Villager (Male) |
| 9:59 | Create | Villager (Male) |
| 10:05 | Build | House |
| 10:40 | Create | Villager (Male) |
| 10:58 | Create | Villager (Male) |
| 10:58 | Create | Villager (Male) |
| 11:30 | Create | Villager (Male) |
| 11:53 | Create | Villager (Male) |
| 11:53 | Create | Villager (Male) |
| 12:12 | Create | Villager (Male) |
| 13:10 | Build | Lumber Camp |
| 13:47 | Build | Lumber Camp |
| 14:48 | Create | Villager (Male) |
| 14:49 | Create | Villager (Male) |
| 14:49 | Create | Villager (Male) |
| 15:19 | Create | Villager (Male) |
| 15:19 | Create | Villager (Male) |
| 15:19 | Create | Villager (Male) |
| 15:32 | Build | Farm |
| 15:34 | Build | Farm |
| 15:36 | Build | Farm |
| 16:07 | Create | Villager (Male) |
| 16:07 | Create | Villager (Male) |
| 16:10 | Build | Farm |
| 16:12 | Build | Farm |
| 16:13 | Build | Farm |
| 16:22 | Build | House |
| 16:33 | Create | Villager (Male) |
| 16:33 | Create | Villager (Male) |
| 16:37 | Build | Farm |
| 17:01 | Create | Villager (Male) |
| 17:01 | Create | Villager (Male) |
| 17:43 | Build | Town Center |
| 17:49 | Build | Town Center |
| 18:24 | Build | Mill |
| 18:48 | Create | Villager (Male) |
| 18:48 | Create | Villager (Male) |
| 18:48 | Create | Villager (Male) |
| 18:49 | Create | Villager (Male) |
| 19:08 | Create | Villager (Male) |
| 21:01 | Build | Lumber Camp |
| 21:31 | Create | Villager (Male) |
| 23:08 | Build | Farm |
| 23:09 | Build | Farm |
| 23:11 | Build | Farm |
| 23:12 | Build | Farm |
| 23:13 | Build | Farm |
| 24:02 | Create | Villager (Male) |
| 24:18 | Build | Mill |
| 24:37 | Create | Villager (Male) |
| 24:39 | Build | Farm |
| 25:04 | Build | Farm |
| 25:34 | Create | Villager (Male) |
| 25:53 | Create | Villager (Male) |
| 25:59 | Create | Villager (Male) |
| 26:09 | Build | Farm |
| 26:36 | Build | Farm |
| 27:18 | Research | Feudal Age |
| 27:36 | Build | Barracks |
| 28:50 | Create | Villager (Male) |
| 29:21 | Create | Villager (Male) |
| 29:22 | Age | Feudal Age |
| 29:28 | Build | Stable |
| 29:29 | Create | Villager (Male) |
| 29:31 | Build | Archery Range |
| 29:33 | Create | Villager (Male) |
| 29:53 | Create | Villager (Male) |
| 30:01 | Build | Blacksmith |
| 30:02 | Create | Villager (Male) |
| 30:24 | Build | House |
| 30:25 | Create | Skirmisher |
| 30:25 | Create | Skirmisher |
| 30:34 | Create | Scout Cavalry |
| 30:34 | Create | Scout Cavalry |
| 30:43 | Research | Padded Archer Armor |
| 30:49 | Create | Skirmisher |
| 30:56 | Create | Scout Cavalry |
| 31:05 | Create | Skirmisher |
| 31:11 | Research | Fletching |
| 31:11 | Research | Fletching |
| 31:32 | Create | Skirmisher |
| 31:34 | Build | House |
| 31:49 | Create | Villager (Male) |
| 31:51 | Create | Skirmisher |
| 31:57 | Create | Skirmisher |
| 31:59 | Create | Villager (Male) |
| 32:00 | Create | Villager (Male) |
| 32:27 | Create | Villager (Male) |
| 32:32 | Create | Villager (Male) |
| 32:40 | Build | Lumber Camp |
| 32:50 | Create | Villager (Male) |
| 32:52 | Create | Villager (Male) |
| 33:09 | Create | Villager (Male) |
| 33:18 | Create | Villager (Male) |
| 33:22 | Create | Villager (Male) |
| 33:32 | Create | Villager (Male) |
| 33:32 | Create | Villager (Male) |
| 33:47 | Create | Skirmisher |
| 33:48 | Create | Skirmisher |
| 34:22 | Create | Villager (Male) |
Match timeline
| 2:55 | Failey · wall_segment Palisade Wall x1 |
| 2:57 | Failey · wall_segment Palisade Wall x1 |
| 2:58 | Failey · wall_segment Palisade Wall x1 |
| 2:59 | Failey · wall_segment Palisade Wall x1 |
| 3:25 | 新竹 · wall_segment Palisade Wall x1 |
| 3:26 | 新竹 · wall_segment Palisade Wall x1 |
| 3:31 | 新竹 · wall_segment Palisade Wall x1 |
| 3:32 | 新竹 · wall_segment Palisade Wall x1 |
| 7:34 | Failey · wall_segment Palisade Wall x1 |
| 7:38 | Failey · wall_segment Palisade Wall x1 |
| 9:39 | 新竹 · age_up feudal |
| 9:59 | 新竹 · first_building Barracks |
| 15:43 | 新竹 · first_building Archery Range |
| 27:36 | Failey · first_building Barracks |
| 29:22 | Failey · age_up feudal |
| 29:28 | Failey · first_building Stable |
| 29:31 | Failey · first_building Archery Range |
| 30:22 | 新竹 · wall_segment Stone Wall x2 |
| 30:23 | 新竹 · wall_segment Stone Wall x2 |
| 30:24 | 新竹 · wall_segment Stone Wall x3 |
| 30:25 | 新竹 · wall_segment Stone Wall x1 |
| 34:12 | 新竹 · wall_segment Palisade Wall x2 |
| 34:13 | 新竹 · wall_segment Palisade Wall x2 |
| 34:17 | 新竹 · wall_segment Palisade Wall x1 |
| 34:17 | 新竹 · wall_segment Palisade Wall x2 |
| 34:18 | 新竹 · wall_segment Palisade Wall x2 |
| 34:55 | Failey · resign |
[ AI ANALYSIS · 1 CREDIT ]
What really happened in this match?
Wolo.gg analyzes every decision: build order, eco, micro, common mistakes by bracket. Personalized analysis on WhatsApp or Discord in 30 seconds.
Civ guide
Japanese
Perfil
Jugador #14547856